 Dungeon Crawl Stone Soup version 0.18-a0-1788-g92de1ac (webtiles) character file.

27949 ololoev the Severer (level 13, 106/116 HPs)
             Began as a Hill Orc Fighter on Apr 19, 2016.
             Was a High Priest of the Shining One.
             Quit the game on level 2 of the Abyss.
             The game lasted 00:41:28 (15397 turns).

ololoev the Severer (Hill Orc Fighter)             Turns: 15397, Time: 00:41:29

Health: 106/116    AC: 24    Str: 24    XL:     13   Next: 35%
Magic:  22/24      EV:  7    Int: 13    God:    the Shining One [*****.]
Gold:   327        SH:  0    Dex: 10    Spells: 0 memorised, 12 levels left

rFire  . . .     SeeInvis .     a - +3 battleaxe
rCold  + . .     Gourm    .     r - +0 plate armour
rNeg   + + .     Faith    .     (shield currently unavailable)
rPois  .         Spirit   +     (no helmet)
rElec  .         Dismiss  .     l - +0 cloak
rCorr  .         Reflect  .     D - +0 pair of gloves (curse)
SustAt .         Harm     .     E - +2 pair of boots "Katicus" {rC+ Int+5}
MR     .....                    A - amulet of guardian spirit
Stlth  ..........               (no ring)
                                c - +3 ring of protection

@: glowing, not resistant to hostile enchantments, extremely unstealthy
A: no striking features
a: Divine Shield, Cleansing Flame, Summon Divine Warrior, Renounce Religion

Inventory:

Hand Weapons
 a - a +3 battleaxe (weapon)
 b - a +2 flail of protection
Armour
 l - a +0 cloak (worn)
 r - a +0 plate armour (worn)
 D - a cursed +0 pair of gloves (worn)
 E - the +2 pair of boots "Katicus" (worn) {rC+ Int+5}
   (You bought it in a shop on level 9 of the Dungeon)

   It affects your intelligence (+5).
   It protects you from cold.
Jewellery
 c - a +3 ring of protection (left hand)
 x - an uncursed ring of fire
 A - an amulet of guardian spirit (around neck)
Wands
 m - a wand of teleportation (3/9)
 w - a wand of teleportation (4/9)
 y - a wand of flame (34/48)
 H - a wand of lightning (11/15)
 I - a wand of iceblast (7/15)
Scrolls
 e - 4 scrolls of recharging {unknown}
 g - 8 scrolls of teleportation
 j - a scroll of fog
 k - 6 scrolls of magic mapping
 n - 6 scrolls of remove curse
 t - 3 scrolls of blinking
 v - 3 scrolls of immolation
 G - 3 scrolls of enchant weapon
Potions
 h - 6 potions of flight
 i - a potion of might
 o - 7 potions of curing
 u - 3 potions of heal wounds
 z - 5 potions of haste
 C - a potion of ambrosia
Comestibles
 f - 9 bread rations
 p - 14 meat rations
 q - 34 fruits
 s - a royal jelly
 B - a slice of pizza
 F - a beef jerky


   Skills:
 + Level 11.5 Fighting
 * Level 16.5 Axes
 + Level 10.7 Armour
   Level 3.2 Shields
 * Level 15.1 Invocations


You had 12 spell levels left.
You didn't know any spells.


You were on level 2 of the Abyss.
You worshipped the Shining One.
The Shining One was extremely pleased with you.
You were very hungry.

You visited 1 branch of the dungeon, and saw 14 of its levels.
You visited the Abyss 1 time.
You also visited: Sewer.

You collected 942 gold pieces.
You spent 615 gold pieces at shops.

.. ..#..≈....
... ..≈≈≈...
....#.≈.≈..
..#.#.≈≈.≈#
#..#..≈≈≈≈## .
..#....≈≈≈.#...
#..............
....!..@..'!...
#..##....?'....
#..≈≈≈#.#..
#.≈.≈≈# #
..≈≈...
...≈≈.≈..
###.≈≈.....
.#........

Notes
Turn   | Place    | Note
--------------------------------------------------------------
     0 | D:1      | ololoev the Hill Orc Fighter began the quest for the Orb.
     0 | D:1      | Reached XP level 1. HP: 19/19 MP: 1/1
    42 | D:1      | Goblin1989: еще попытка?
    42 | D:1      | ololoev: yep
    74 | D:1      | Reached skill level 3 in Axes
   140 | D:1      | Reached XP level 2. HP: 27/27 MP: 2/2
   597 | D:1      | Reached XP level 3. HP: 23/33 MP: 3/3
   843 | D:1      | Reached skill level 4 in Axes
   987 | D:2      | Reached XP level 4. HP: 37/41 MP: 4/4
  1224 | D:2      | Found a bloodstained altar of Trog.
  1592 | D:3      | Reached XP level 5. HP: 37/47 MP: 5/5
  1593 | D:3      | Reached skill level 5 in Axes
  1630 | D:3      | Found an opulent altar of Gozag.
  1633 | D:3      | Found a white marble altar of Elyvilon.
  2573 | D:4      | Found Zacom's Distillery.
  2599 | D:4      | Bought a potion of curing for 39 gold pieces
  2599 | D:4      | Bought a potion of heal wounds for 65 gold pieces
  2599 | D:4      | Bought a potion of berserk rage for 65 gold pieces
  2599 | D:4      | Bought a potion of degeneration for 13 gold pieces
  2613 | D:4      | Reached skill level 5 in Fighting
  2615 | D:4      | Noticed ololoev's ghost (amateur HOFi)
  2617 | D:4      | Reached XP level 6. HP: 32/56 MP: 6/6
  2619 | D:4      | Reached skill level 6 in Axes
  2624 | D:4      | Killed ololoev's ghost
  2716 | D:4      | Reached skill level 5 in Armour
  2722 | D:4      | Found a glowing golden altar of the Shining One.
  2722 | D:4      | Found a snail-covered altar of Cheibriados.
  2722 | D:4      | Found a shattered altar of Ashenzari.
  2728 | D:4      | Became a worshipper of the Shining One
  2771 | D:4      | Found a staircase to the Ecumenical Temple.
  2898 | D:4      | Reached skill level 7 in Axes
  2898 | D:4      | Reached skill level 1 in Invocations
  2898 | D:4      | Reached XP level 7. HP: 30/62 MP: 6/8
  3146 | D:4      | Found a sacrificial altar of Ru.
  3275 | D:5      | Entered Level 5 of the Dungeon
  3785 | D:5      | Noticed Sagrath01's ghost (novice DrHu)
  3802 | D:5      | Killed Sagrath01's ghost
  3802 | D:5      | Reached skill level 8 in Axes
  3802 | D:5      | Reached XP level 8. HP: 68/71 MP: 9/11
  3804 | D:5      | Reached skill level 5 in Invocations
  4098 | D:6      | Noticed Duvessa
  4098 | D:6      | Noticed Dowan
  4102 | D:6      | Killed Duvessa
  4102 | D:6      | Reached skill level 9 in Axes
  4104 | D:6      | Killed Dowan
  4148 | D:6      | Found a shadowy altar of Dithmenos.
  4258 | D:6      | Noticed Edmund
  4277 | D:6      | Killed Edmund
  4277 | D:6      | Reached XP level 9. HP: 58/79 MP: 13/13
  4404 | D:6      | Found a glowing drain.
  4404 | D:6      | Reached * piety under the Shining One
  4422 | Sewer    | Entered a sewer
  4543 | Sewer    | Reached skill level 10 in Axes
  4908 | D:6      | Found Ymirchasm's Jewellery Boutique.
  5267 | D:4      | Bought a potion of haste for 130 gold pieces
  5267 | D:4      | Bought a potion of flight for 39 gold pieces
  5267 | D:4      | Bought a potion of heal wounds for 65 gold pieces
  5442 | D:7      | Goblin1989: что за статус был?ъ
  5443 | D:7      | ololoev: вертиго
  5443 | D:7      | ololoev: от амулета дисмиссала
  5443 | D:7      | Goblin1989: что значит?
  5443 | D:7      | ololoev: уменьшает ЕВ , то хит и спеллпавер вроде
  5799 | D:7      | Reached ** piety under the Shining One
  5926 | D:7      | Found a radiant altar of Vehumet.
  5934 | D:7      | Reached skill level 11 in Axes
  6145 | D:7      | Noticed Yawgmoth's ghost (novice DsCK)
  6151 | D:7      | Reached XP level 10. HP: 49/88 MP: 16/16
  6406 | D:8      | Found a staircase to the Lair.
  7204 | D:9      | Reached skill level 12 in Axes
  7703 | D:9      | Found Burr's Antique Armour Shop.
  7797 | D:9      | Bought a pair of fine boots for 199 gold pieces
  7802 | D:9      | Identified the +2 pair of boots "Katicus" {rC+ Int+5} (You bought it in a shop on level 9 of the Dungeon)
  8073 | D:10     | Entered Level 10 of the Dungeon
  8073 | D:10     | Noticed a hill giant
  8360 | D:10     | Killed a hill giant
  8360 | D:10     | Reached skill level 10 in Invocations
  8556 | D:10     | Noticed a hill giant
  8568 | D:10     | Reached *** piety under the Shining One
  8923 | D:10     | Found a staircase to the Orcish Mines.
  9032 | D:10     | Reached XP level 11. HP: 60/97 MP: 17/19
  9045 | D:10     | Reached skill level 13 in Axes
  9510 | D:11     | Noticed a red ugly thing
  9522 | D:10     | Killed a red ugly thing
  9699 | D:11     | Noticed a purple ugly thing
  9721 | D:10     | Killed a purple ugly thing
 10618 | D:11     | Found Odocwaud's Food Boutique.
 10713 | D:11     | Noticed an unseen horror
 10723 | D:11     | Noticed a red ugly thing
 10723 | D:11     | Killed an unseen horror
 10738 | D:11     | Killed a red ugly thing
 11232 | D:12     | Reached skill level 14 in Axes
 11572 | D:12     | Reached **** piety under the Shining One
 11673 | D:12     | Found a blossoming altar of Fedhas.
 11967 | D:12     | Noticed a red ugly thing
 11978 | D:12     | Killed a red ugly thing
 11978 | D:12     | Reached skill level 10 in Fighting
 11988 | D:12     | Noticed a cyclops
 12181 | D:12     | Killed a cyclops
 12181 | D:12     | Reached XP level 12. HP: 93/106 MP: 16/21
 12967 | D:13     | Reached ***** piety under the Shining One
 13080 | D:13     | Noticed a tengu warrior
 13102 | D:13     | Killed a tengu warrior
 13102 | D:13     | Reached skill level 15 in Axes
 13433 | D:13     | Noticed Frances
 13438 | D:13     | Noticed a soul eater
 13820 | D:13     | Killed Frances
 13820 | D:13     | Reached skill level 10 in Armour
 13925 | D:13     | Noticed a tengu warrior
 13931 | D:13     | Killed a tengu warrior
 14144 | D:13     | Noticed a centaur warrior
 14149 | D:13     | Noticed a centaur warrior
 14156 | D:13     | Killed a centaur warrior
 14166 | D:13     | Killed a centaur warrior
 14166 | D:13     | Reached XP level 13. HP: 89/116 MP: 18/23
 14381 | D:13     | Reached skill level 16 in Axes
 14644 | D:14     | Reached skill level 15 in Invocations
 14677 | D:14     | Noticed a vault guard
 14699 | D:14     | Noticed a vault guard
 14911 | D:14     | jacquesderrida: HAI
 14913 | D:14     | ololoev: yo JD!
 15387 | D:14     | jacquesderrida: По итогам стычки измазанного экскрементами мужчину доставили в отделение полиции г. Самары. Как сообщил наш источник в правоохранительных органах, незадачливому фрилансеру светит наказание в 15 суток за хулиганство. В то же время есть вероятность, что так легко герою не отделаться – официант, в которого Минаков запустил собственными фекалиями, планирует подать на дебошира заявление в полицию по статье 282 часть 1 УК РФ "Разжигание межнациональной вражды". "Хоть я и дагестанец по происхождению, но я родился в Самаре, мои родители всю жизнь жили здесь, мой дед сражался против фашистов в Великую отечественную. А теперь эти бандеровские недобитки будут здесь свои законы устанавливать. Этому не бывать никогда!" – заявил Магеррамов.
 15394 | D:14     | Noticed a vault guard
 15394 | D:14     | jacquesderrida: Plot thickens
 15394 | D:14     | jacquesderrida: Что ни день, то новый поворот...
 15394 | D:14     | ololoev: дагестанец обезумел
 15396 | D:14     | ololoev: да еманарот!!!!!!
 15396 | D:14     | jacquesderrida: КАСТ
 15396 | D:14     | Cast into level 2 of the Abyss (a wizard)
 15397 | Abyss:2  | Quit the game

Dungeon Overview and Level Annotations

Branches:
Dungeon (14/15)            Temple (0/1) D:4            Lair (0/8) D:8
    Orc (0/2) D:10
 Vaults: D:13-14

Altars:
Ashenzari
Cheibriados
Dithmenos
Elyvilon
Fedhas
Gozag
Ru
Trog
Vehumet
The Shining One

Shops:
D:4 !   D:9 [   D:11 %

Annotations:
D:7 Yawgmoth's ghost, novice DsCK
D:9 exclusion: downstairs


Message History

The vault guard shouts!
You hear a shout!
The yaktaur shoots a bolt.
The bolt hits you.
You see here a bolt.
The yaktaur shoots a bolt.
The bolt hits you.
The yaktaur shoots a bolt.
The bolt barely misses you.
The yaktaur shoots a bolt.
The bolt hits you!!
The yaktaur shoots a bolt.
The bolt hits you but does no damage.
The yaktaur shoots a bolt.
The bolt hits you!
The yaktaur shoots a bolt.
The bolt hits you.
The yaktaur shoots a bolt.
The bolt hits you but does no damage.
The yaktaur shoots a bolt.
The bolt barely misses you.
The yaktaur shoots a bolt.
The bolt hits you but does no damage.
The yaktaur shoots a bolt.
The bolt hits you!
The yaktaur shoots a bolt.
The bolt barely misses you.
The yaktaur shoots a bolt.
The bolt hits you!
The yaktaur shoots a bolt.
The bolt hits you but does no damage.
The yaktaur shoots a bolt.
The bolt hits you.
The yaktaur shoots a bolt.
The bolt hits you but does no damage.
The yaktaur shoots a bolt.
The bolt hits you but does no damage.
The yaktaur shoots a bolt.
The bolt hits you!
The yaktaur shoots a bolt.
The bolt hits you!
You start resting.
You are feeling hungry.
You start resting.
Magic restored.
Eat which item? (? for menu, Esc to quit)
Okay, then.
You start resting.
You are feeling very hungry.
You start resting.
HP restored.
The yaktaur shouts!
The vault guard shouts!
You see here 19 bolts.
What do you say? t - Shout!
Orders for allies: a - Attack new target. r - Retreat! s - Stop attacking. w - Wait here. f - Follow me.
Anything else - Stay silent.
You shout for attention!
You enter the shallow water.
Moving in this stuff is going to be slow.
What do you say? t - Shout!
Orders for allies: a - Attack new target. r - Retreat! s - Stop attacking. w - Wait here. f - Follow me.
Anything else - Stay silent.
You shout for attention!
You open the gate.
A gargoyle comes into view. It is wielding a flail.
Found 21 stones.
You slice the gargoyle!!
The gargoyle is severely damaged.
The gargoyle hits you with a flail.
You hit the gargoyle but do no damage.
The gargoyle is severely damaged.
You hit the gargoyle but do no damage.
The gargoyle is severely damaged.
The gargoyle hurls a stone arrow at you.
The stone arrow hits you!
You hit the gargoyle.
The gargoyle is almost destroyed.
The gargoyle closely misses you.
You hit the gargoyle.
You destroy the gargoyle!
An orc sorcerer and a wizard come into view.
The orc sorcerer shouts!
The wizard shouts!
The wizard moves out of view.
The orc sorcerer moves out of view.
A vault guard comes into view. It is wielding a war axe.
There is an open gate here.
You see here a flail.
The vault guard shouts!
The wizard casts a spell at you.
You are cast into the Abyss!
To return, you must find a gate leading back.
Killing monsters will force the Abyss to allow you passage.
This branch contains the abyssal rune of Zot.
Found a fuming purple potion, a potion of curing and a scroll of fear.
Are you sure you want to abandon this character and quit the game? (Confirm with "yes".)

There were no monsters in sight!

Vanquished Creatures
  Frances (D:13)
  3 centaur warriors (D:13)
  2 tengu warriors (D:13)
  An unseen horror (D:11)
  5 hill giants
  6 ugly things
  A griffon (D:14)
  A cyclops (D:12)
  A centaur zombie (D:12)
  3 gargoyles
  The ghost of Sagrath01 the Archer, a novice DrHu (D:5)
  A komodo dragon (D:12)
  A freezing wraith (D:11)
  4 trolls
  12 slime creatures
  19 yaks
  A basilisk (D:13)
  A hungry ghost (D:13)
  A hippogriff (D:7)
  3 steam dragons
  Edmund (D:6)
  A soldier ant (D:13)
  2 water moccasins
  Duvessa (D:6)
  4 ice beasts
  4 orc warriors
  The ghost of ololoev the Chopper, an amateur HOFi of the Shining One (D:4)
  3 black bears
  An eye of draining (D:13)
  2 sky beasts
  12 centaurs
  A necrophage (D:12)
  10 ogres
  6 big kobolds
  6 giant frogs
  An earth elemental (D:9)
  Dowan (D:6)
  A wyvern zombie (D:12)
  5 scorpions
  8 killer bees (D:12)
  9 wights (D:12)
  An electric eel (D:9)
  7 howler monkeys
  5 crimson imps
  A giant frog zombie (D:7)
  2 jellies
  11 orc priests
  A giant frog skeleton (D:7)
  6 hounds
  16 orc wizards
  5 centaur skeletons
  2 hell rats (D:8)
  2 iguanas
  6 worker ants
  2 hound zombies
  A worker ant zombie (D:5)
  A hound skeleton (D:7)
  A howler monkey zombie (D:5)
  A gnoll (D:1)
  15 adders
  3 river rats
  2 shadow imps (D:11)
  5 oozes
  3 adder skeletons
  8 worms
  3 dart slugs
  3 giant geckos
  32 orcs
  6 ball pythons
  6 bats
  8 giant cockroaches
  6 hobgoblins
  13 jackals
  32 kobolds
  6 quokkas
  4 giant newts
  7 goblins
  A quokka zombie (D:7)
  14 rats
396 creatures vanquished.

Action                   |  1- 3 |  4- 6 |  7- 9 | 10-12 | 13-15 || total
-------------------------+-------+-------+-------+-------+-------++-------
Melee: War axe           |   104 |   144 |   340 |   395 |       ||   983
       Battleaxe         |       |       |       |   230 |    79 ||   309
Invok: Cleansing Flame   |       |       |       |     1 |       ||     1
       Summon Divine War |       |       |       |     1 |       ||     1
Evoke: Wand              |       |       |     1 |     6 |       ||     7
  Use: Potion            |       |     5 |     3 |     1 |       ||     9
       Scroll            |       |    11 |     2 |     7 |     1 ||    21
  Eat: Chunk             |       |     7 |    11 |    17 |     4 ||    39
       Pizza             |       |       |     1 |     1 |       ||     2
       Beef jerky        |       |       |       |     3 |       ||     3
       Bread ration      |       |       |       |     1 |       ||     1
Armor: Scale mail        |    71 |    60 |       |       |       ||   131
       Chain mail        |       |    21 |   124 |       |       ||   145
       Plate armour      |       |       |   126 |   405 |    80 ||   611
Dodge: Dodged            |    64 |    63 |   113 |   191 |    35 ||   466

Vault maps used:
D:1:      dpeg_arrival_pits
D:2:      overflow_temple_1_default
D:3:      minitemple
D:4:      hangedman_ru_absence, gammafunk_temple_overflow_forgotten,
          minmay_temple_entry_statues_fountains, serial_shops,
          nicolae_shop_statue_plus, saegor_snake_ambush
D:5:      first_bread
D:6:      gup_sewer_entry_bubbles, serial_shops, kennysheep_little_box,
          nicolae_dithmenos_through_a_glass_darkly, uniq_edmund, uniq_duvessa
D:7:      overflow_temple_1_default
D:8:      dpeg_lair_monsters
D:9:      serial_shops, nicolae_shop_stone, minivault_4
D:10:     minmay_stone_box, orc_0_dummy, uniq_josephine
D:11:     serial_shops, shop
D:12:     hangedman_tree_tricks
D:13:     corexii_checkpoint_a, uniq_frances
D:14:     grunt_vaults_entry_fortified, hangedman_decor_lopped,
          nicolae_benzene_ring, uniq_louise, uniq_azrael
Sewer:    sewer_co_15_rooms
